 Dungeon Crawl Stone Soup version 0.25.0-10-g039870ee82 (webtiles) character file.

Game seed: 10526460913507792298

103 Matador8 the Charmwright (level 4, -1/39 HPs)
             Began as a Naga Skald on June 23, 2020.
             Slain by an orc priest
             ... wielding a +0 trident
              (9 damage)
             ... on level 3 of the Dungeon.
             The game lasted 00:10:23 (3297 turns).

Matador8 the Charmwright (Naga Skald)               Turns: 3297, Time: 00:10:23

Health: -1/39      AC:  3    Str: 13    XL:     4   Next: 79%
Magic:  1/7        EV:  9    Int: 15    God:
Gold:   183        SH:  0    Dex: 10    Spells: 1/7 levels left

rFire    . . .     SeeInvis +   a - +0 spear
rCold    . . .     Gourm    .   (no shield)
rNeg     . . .     Faith    .   b - +0 leather armour
rPois    +         Spirit   .   (no helmet)
rElec    .         Reflect  .   f - +0 cloak
rCorr    .         Harm     .   (no gloves)
MR       .....                  (no barding)
Stlth    ++........             (no amulet)
HPRegen  0.13/turn              (no ring)
MPRegen  0.10/turn              (no ring)

@: short of breath, infused (expiring), very slow
A: large, see invisible, deformed body, poison resistance, slowness 2, slow
metabolism 1, spit poison 1, AC +1
a: Spit Poison


You were on level 3 of the Dungeon.
You were not hungry.

You visited 1 branch of the dungeon, and saw 3 of its levels.

You collected 183 gold pieces.

Inventory:

Hand Weapons
 a - a +0 spear (weapon)
Missiles
 c - 8 boomerangs (quivered)
Armour
 b - a +0 leather armour (worn)
 f - a +0 cloak (worn)
 s - a +0 ring mail
Wands
 t - a wand of flame (12)
 w - a wand of digging (7)
Scrolls
 e - 2 scrolls of identify {unknown}
 i - a scroll of amnesia {unknown}
 n - 2 scrolls of teleportation {unknown}
 o - a scroll of magic mapping {unknown}
 r - a scroll of fear {unknown}
 u - a scroll of enchant weapon {unknown}
Potions
 g - a potion of curing {unknown}
 h - a potion of mutation {unknown}
 j - a potion of stabbing {unknown}
 k - 2 potions of lignification {unknown}
 l - a potion of resistance {unknown}
 m - a potion of brilliance {unknown}
 p - a potion of might {unknown}
 q - a potion of flight {unknown}
 v - a potion of heal wounds {unknown}
Comestibles
 d - 6 rations


   Skills:
 - Level 2.0 Fighting
 + Level 3.0 Polearms
 - Level 0.7 Armour
 - Level 1.5 Dodging
 - Level 2.6 Stealth
 - Level 2.0 Spellcasting
 + Level 0.7 Hexes
 - Level 3.5 Charms
 + Level 2.1 Translocations


You had one spell level left.
You knew the following spells:

 Your Spells              Type           Power        Failure   Level  Hunger
a - Infusion              Chrm           ##..         7%          1    #......
b - Shroud of Golubria    Chrm/Tloc      #.....       14%         2    ###....
c - Spectral Weapon       Hex/Chrm       #.......     34%         3    ###....

Your spell library contained the following spells:

 Spells                   Type           Power        Failure   Level  Hunger
 Song of Slaying          Chrm           ##......     10%         2    ###....
 Ozocubu's Armour         Chrm/Ice       #.......     38%         3    ###....


Dungeon Overview and Level Annotations

Branches:
Dungeon (3/15)

Altars:


Innate Abilities, Weirdness & Mutations

You cannot wear boots.
Your serpentine skin is tough. (AC +1)
You have supernaturally acute eyesight. (SInv)
Armour fits poorly on your strangely shaped body.
Your system is resistant to poisons. (rPois)
You cover ground very slowly.
You have a slow metabolism.
You can spit poison.


Message History

Your magical infusion is running out.
Your shroud bends the orc priest's attack away.
The orc priest hits you with a +0 trident!
Your shroud falls apart!
Things that are here:
a +0 dagger; a +0 falchion; an orc corpse You hit the orc priest.
The orc priest is lightly wounded.
You closely miss the orc priest.
The orc priest is lightly wounded.
The orc priest hits you with a +0 trident.
* * * LOW HITPOINT WARNING * * *
Press: ? - help, Shift-Dir - straight line, f/p - orc priest
Aim: an orc priest, wielding a +0 trident (lightly wounded)
The splash of poison hits the orc priest.
The orc priest is poisoned.
The orc priest is heavily wounded.
You feel slightly more hungry.
The orc priest hits you with a +0 trident!
You die...

###### #.....#
#......########
#......#......# ######
#....oo##@###.#######.....
#...o................
#####.##.#######.....
....#.....# ####.# ##
..#####.# #.# ..#
#.######.# ..# #.#......#
### #.#......# #.[......#


You could see an orc priest (poisoned).

Vanquished Creatures
  4 adders
  An ooze (D:1)
  A worm (D:2)
  3 dart slugs (D:1)
  4 orcs (D:3)
  2 giant cockroaches
  5 goblins
  5 hobgoblins
  2 jackals (D:2)
  4 kobolds
  2 ball pythons (D:1)
  5 bats
  3 frilled lizards
  11 rats
52 creatures vanquished.

Notes
Turn   | Place    | Note
-------+----------+-------------------------------------------
     0 | D:1      | Matador8 the Naga Skald began the quest for the Orb.
     0 | D:1      | Reached XP level 1. HP: 19/19 MP: 3/3
   300 | D:1      | Reached skill level 1 in Stealth
   383 | D:1      | Reached XP level 2. HP: 24/26 MP: 0/5
   388 | D:1      | Learned a level 2 spell: Shroud of Golubria
   941 | D:1      | Reached XP level 3. HP: 32/32 MP: 6/6
  1176 | D:1      | Reached skill level 1 in Translocations
  1626 | D:2      | Reached XP level 4. HP: 27/39 MP: 3/7
  1881 | D:2      | Learned a level 3 spell: Spectral Weapon
  3297 | D:3      | Slain by an orc priest

Illustrated notes

Levels and vault maps discovered:
D:1:      onia_arrival_handbag, layout_basic
D:2:      layout_basic, first_ration
D:3:      layout_basic

Skill      XL: |  1  2  3  4 |
---------------+-------------+-----
Stealth        | 1 2 |  2.6
Translocations | 1 2 |  2.1
Polearms       | 3 |  3.0
Fighting       | |  2.0
Armour         | |  0.7
Dodging        | |  1.5
Spellcasting   | |  2.0
Hexes          | |  0.7
Charms         | |  3.5

Action                   |  1- 3 |  4- 6 || total
-------------------------+-------+-------++-------
Melee: Spear             |   101 |    66 ||   167
 Cast: Infusion          |    10 |     3 ||    13
       Shroud of Golubri |     3 |     6 ||     9
 Abil: Spit Poison       |     6 |     5 ||    11
 Stab: Sleeping          |     1 |     1 ||     2
  Eat: Chunk             |     2 |     5 ||     7
Armor: Leather armour    |    16 |     9 ||    25
Dodge: Dodged            |    36 |    25 ||    61
